 Dungeon Crawl Stone Soup version 0.25.1-2-g60ff931df9 (console) character file.

Game seed: 17293599349245105454

42 Colgate the Firebug (level 3, 21/21 HPs)
             Began as an Octopode Fire Elementalist on Aug 10, 2020.
             Quit the game on level 2 of the Dungeon.
             The game lasted 00:11:11 (1985 turns).

Colgate the Firebug (Octopode Fire Elementalist)    Turns: 1985, Time: 00:11:12

Health: 21/21      AC:  1    Str:  7    XL:     3   Next: 54%
Magic:  6/6        EV: 13    Int: 18    God:
Gold:   76         SH:  0    Dex: 12    Spells: 5/6 levels left

rFire    . . .     SeeInvis .   l - +0 hunting sling
rCold    . . .     Gourm    .   (no shield)
rNeg     . . .     Faith    .   (helmet restricted)
rPois    .         Spirit   .   (no amulet)
rElec    .         Reflect  .   (no ring)
rCorr    .         Harm     .   (no ring)
MR       .....                  (no ring)
Stlth    +++.......             (no ring)
HPRegen  0.07/turn              (no ring)
MPRegen  0.10/turn              (no ring)
                                (no ring)
                                (no ring)

@: no status effects
A: almost no armour, stealthy swim, amphibious, 8 rings, constrict 8, camouflage
1, gelatinous body 1
a: no special abilities


You were on level 2 of the Dungeon.
You were not hungry.

You visited 1 branch of the dungeon, and saw 2 of its levels.

You collected 76 gold pieces.

Inventory:

Hand Weapons
 d - a +0 short sword
 l - a +0 hunting sling (weapon)
Missiles
 e - 24 bolts
 i - 25 stones (quivered)
Scrolls
 c - 2 scrolls of remove curse {unknown}
 f - a scroll of identify {unknown}
 g - a scroll of magic mapping {unknown}
Potions
 a - a potion of berserk rage {unknown}
 h - a potion of haste {unknown}
 k - a potion of heal wounds {unknown}
Comestibles
 b - 2 rations
 j - 2 chunks of flesh


   Skills:
 - Level 2.0 Dodging
 - Level 2.6 Stealth
 - Level 2.0 Spellcasting
 - Level 1.0 Conjurations
 + Level 4.4 Fire Magic


You had 5 spell levels left.
You knew the following spells:

 Your Spells              Type           Power        Failure   Level  Hunger
a - Foxfire               Conj/Fire      ##..         6%          1    #......

Your spell library contained the following spells:

 Spells                   Type           Power        Failure   Level  Hunger
 Conjure Flame            Conj/Fire      ##......     19%         3    ###....
 Inner Flame              Hex/Fire       #.......     22%         3    ###....
 Sticky Flame             Conj/Fire      ##......     52%         4    #####..
 Fireball                 Conj/Fire      ##........   86%         5    ######.


Dungeon Overview and Level Annotations

Branches:
Dungeon (2/15)

Altars:


Innate Abilities, Weirdness & Mutations

You cannot wear most types of armour.
You are very stealthy in the water. (Stealth+)
You are amphibious.
You can wear up to eight rings at the same time.
You can use your tentacles to constrict eight enemies at once.
Your skin changes colour to match your surroundings (Stealth+).
Your rubbery body absorbs attacks. (AC +1, EV +1)


Message History

You feel sick.
Eating one of 4 chunks of flesh.
You eat one of the 4 chunks of flesh.
This raw flesh tastes terrible.
You feel sick.
You feel sick.
You feel sick.
You feel sick.
You are no longer poisoned.
Eating one of 3 chunks of flesh.
You eat one of the 3 chunks of flesh.
This raw flesh tastes terrible.
HP restored.
Found an escape hatch in the floor.
Okay, then.
You now have 66 gold pieces (gained 13).
k - a fizzy amethyst potion
i - 25 stones (gained 18)
Found a hunting sling.
You now have 76 gold pieces (gained 10).
You see here a hunting sling.
l - a hunting sling
l - a +0 hunting sling (weapon)
Are you sure you want to abandon this character and quit the game? (Confirm with "yes".)

#..###..# ........
#....<รท.#
........ ##.####.#
........
#.##........ #.
#...........
##..##...#.......
#....>.#........#
.#.##..##....... #
#.#.....#######
...
#.#.....#######..#
#...........@...#
##......#########
##.....# #.....#
#.....# ####......
!.##### #.. ##..
... #..


There were no monsters in sight!

Vanquished Creatures
  An adder (D:2)
  An ooze (D:1)
  2 dart slugs
  A leopard gecko (D:1)
  2 goblins (D:1)
  A hobgoblin (D:1)
  3 jackals (D:1)
  3 kobolds (D:1)
  A ball python (D:1)
  5 bats (D:1)
  A frilled lizard (D:1)
  4 rats (D:1)
25 creatures vanquished.

Vanquished Creatures (others)
  52 foxfires
52 creatures vanquished.

Grand Total: 77 creatures vanquished

Notes
Turn   | Place    | Note
-------+----------+-------------------------------------------
     0 | D:1      | Colgate the Octopode Fire Elementalist began the quest for
                  | the Orb.
     0 | D:1      | Reached XP level 1. HP: 11/11 MP: 3/3
   191 | D:1      | Reached XP level 2. HP: 7/17 MP: 0/5
   954 | D:1      | Reached skill level 4 in Fire Magic
  1197 | D:1      | Reached XP level 3. HP: 21/21 MP: 4/6
  1985 | D:2      | Quit the game

Illustrated notes

Levels and vault maps discovered:
D:1:      mainiacjoe_arrival_reflecting_pool, layout_loops_ring,
          kennysheep_pointless_box
D:2:      layout_rooms

Skill      XL: |  1  2 |
---------------+-------+-----
Fire Magic     | 4 |  4.4
Dodging        | |  2.0
Stealth        | |  2.6
Spellcasting   | |  2.0
Conjurations   | |  1.0

Action                   || total
-------------------------++-------
Melee: Unarmed           ||    17
       Constrict         ||     6
       Tentacles         ||     3
       Short sword       ||     6
 Cast: Foxfire           ||    32
 Stab: Sleeping          ||     5
  Eat: Chunk             ||     4
Armor: Skin              ||     2
Dodge: Dodged            ||    12
